AoeStats
← felipe.flores8

Nomad

507296749Analyzed
2v2 RM · 15d ago on Sep 17, 2026· 53m 28s· 4 players
Game mode
Random Map
Map size
176×176
Population
200
Speed
Normal
Resources
Standard
Victory
Conquest
Starting age
Dark Age
Ending age
Imperial Age
RankedLock teamsTeams togetherTeam positionsShared explorationLock speedFull tech treeHidden civsTurbo modeCheats
Victory
Defeat
🇫🇷 Vietnamese · France
838
+14
🇫🇷 Byzantines · France
743
+18
🇨🇦 Mapuche · Canada
813
-17
🇨🇦 Armenians · Canada
767
-15
Novelwater
15:54 Feudal Age
16:37 Double-Bit Axe
17:04 Fishing Lines
22:46 Gold Mining
27:13 Castle Age
27:04 Padded Archer Armor
29:22 Bow Saw
29:50 Wheelbarrow
29:27 Gillnets
30:01 Crossbowman
30:46 Thumb Ring
31:11 Hand Cart
33:15 Leather Archer Armor
33:06 Scale Barding Armor
38:47 Scale Mail Armor
39:08 Chain Barding Armor
38:42 Fletching
39:05 Forging
43:54 Ballistics
54:42 Imperial Age
LeVieuxMachin
3:59 Loom
17:03 Feudal Age
23:04 Castle Age
29:12 Imperial Age
28:08 Double-Bit Axe
28:51 Horse Collar
32:41 Wheelbarrow
35:22 Hand Cart
38:44 Scale Barding Armor
38:39 Scale Mail Armor
40:12 Forging
42:02 Fishing Lines
44:29 Chain Mail Armor
44:50 Iron Casting
44:35 Chain Barding Armor
47:57 Logistica
felipe.flores8
15:08 Feudal Age
17:41 Horse Collar
17:50 Double-Bit Axe
21:47 Castle Age
23:11 Wheelbarrow
34:27 Imperial Age
b.dohms
14:27 Loom
18:17 Feudal Age
19:01 Man-at-Arms
20:18 Long Swordsman
20:44 Arson
21:13 Forging
21:04 Scale Mail Armor
21:39 Fishing Lines
25:33 Fletching
28:15 Castle Age
26:24 Padded Archer Armor
28:43 Two-Handed Swordsman
29:09 Gambesons
29:25 Squires
30:08 Iron Casting
29:49 Chain Mail Armor
30:52 Bodkin Arrow
32:05 Double-Bit Axe
36:18 Leather Archer Armor
38:42 Pikeman
43:17 Imperial Age
40:42 Halberdier
49:43 Fereters
49:27 Champion
52:00 Blast Furnace
Connection lost

Rejoining the realm…

Still unreachable

The connection could not be restored.

Session expired

The server has moved on; the page needs a fresh start.